 Dungeon Crawl Stone Soup version 0.25-a0-71-ge910a4a285 (webtiles) character file.

Game seed: 8482810726225490451, levelgen mode: deterministic

245481 Freitmort the Sorcerer (level 19, -3/100 HPs)
             Began as a Deep Elf Fire Elementalist on Oct 7, 2019.
             Was the Champion of Vehumet.
             Slain by a deep elf blademaster
             ... wielding a +0 rapier
              (17 damage)
             ... on level 3 of the Elven Halls on Nov 4, 2019.
             The game lasted 07:23:58 (45987 turns).

Freitmort the Sorcerer (DEFE)                      Turns: 45987, Time: 07:24:00

Health: -3/100     AC:  7    Str:  7    XL:     19   Next: 17%
Magic:  0/55       EV: 16    Int: 27    God:    Vehumet [******]
Gold:   3272       SH:  0    Dex: 11    Spells: 11/60 levels left

rFire    . . .     SeeInvis .   v - staff of conjuration
rCold    . . .     Gourm    .   (no shield)
rNeg     . . .     Faith    .   M - +2 robe {Archmagi}
rPois    +         Spirit   .   u - +0 hat
rElec    .         Reflect  .   J - scarf {repulsion}
rCorr    .         Harm     .   s - +1 pair of gloves
MR       +....                  H - +0 pair of boots
Stlth    +++.......             w - amulet of regeneration
HPRegen  0.66/turn              f - ring of magical power
MPRegen  0.34/turn              G - ring of poison resistance

@: studying Maces & Flails, repel missiles
A: [clumsy 2]
}: 1/15 runes: decaying
a: Renounce Religion


You were on level 3 of the Elven Halls.
You worshipped Vehumet.
Vehumet was exalted by your worship.
You were not hungry.

You visited 6 branches of the dungeon, and saw 31 of its levels.
You visited the Abyss 1 time.
You also visited: Ice Cave and Volcano.

You collected 3538 gold pieces.
You spent 266 gold pieces at shops.

Inventory:

Hand Weapons
 l - a +5 short sword of flaming
Armour
 s - a +1 pair of gloves (worn)
 u - a +0 hat (worn)
 F - a +2 robe of positive energy
 H - a +0 pair of boots (worn)
 I - the +3 robe of Trumpets {rElec Int+4}
   (You took it off a deep elf mage on level 3 of the Elven Halls)

   It affects your intelligence (+4).
   It insulates you from electricity.
 J - a scarf of repulsion (worn)
 L - a scarf of cloud immunity
 M - a +2 robe of the Archmagi (worn)
 N - a +0 robe of magic resistance
Magical Staves
 q - an uncursed staff of energy
 v - an uncursed staff of conjuration (weapon)
Jewellery
 f - a ring of magical power (left hand)
 p - an uncursed ring of resist corrosion
 t - the amulet "Qedeenu" {Inacc rF+ Str+3}
   (You found it on level 1 of the Elven Halls)

   [amulet of inaccuracy]

   It reduces the accuracy of all your attacks.
   It affects your strength (+3).
   It protects you from fire.
 w - an amulet of regeneration (around neck)
 x - an uncursed ring of see invisible
 A - an uncursed amulet of magic regeneration
 G - a ring of poison resistance (right hand)
 O - an uncursed ring of stealth {unknown}
 Y - an uncursed ring of protection from fire
Wands
 h - a wand of enslavement (7)
 z - a wand of iceblast (13)
 C - a wand of scattershot (8)
 E - a wand of disintegration (51)
 K - a wand of acid (10)
 W - a wand of flame (37)
Scrolls
 b - a scroll of fear
 d - 9 scrolls of teleportation
 e - 21 scrolls of remove curse
 P - a scroll of magic mapping
 Q - 2 scrolls of amnesia
 X - 4 scrolls of identify
Potions
 g - 2 potions of magic
 i - 4 potions of brilliance
 j - a potion of agility
 m - 3 potions of ambrosia
 n - 10 potions of curing
 o - 3 potions of heal wounds
 r - a potion of berserk rage
 B - 7 potions of flight
 D - 6 potions of haste
Books
 k - a manual of Maces & Flails
Miscellaneous
 a - a fan of gales
 y - a phial of floods
 T - a crystal ball of energy
Comestibles
 c - 36 rations


   Skills:
 + Level 4.8 Fighting
 + Level 2.2 Short Blades
 + Level 0.2 Staves
 + Level 9.3 Dodging
 + Level 6.7 Stealth
 + Level 21.1 Spellcasting
 + Level 16.9 Conjurations
 + Level 14.1 Charms
 + Level 12.3 Fire Magic
 + Level 10.4 Ice Magic
 + Level 7.3 Air Magic
 + Level 6.8 Earth Magic
 + Level 12.1 Poison Magic
 * Level 10.2 Evocations


You had 11 spell levels left.
You knew the following spells:

 Your Spells              Type           Power        Failure   Level  Hunger
a - Flame Tongue          Conj/Fire      #####        0%          1    None
b - Throw Flame           Conj/Fire      ######       0%          2    None
c - Conjure Flame         Conj/Fire      ########     0%          3    None
d - Sticky Flame          Conj/Fire      ########     1%          4    None
e - Fireball              Conj/Fire      ########..   1%          5    None
f - Shock                 Conj/Air       ####         0%          1    None
g - Sandblast             Erth           ######       1%          1    None
h - Freeze                Ice            ####         0%          1    None
i - Iskenderun's Battles  Conj/Chrm      ########     1%          5    None
j - Bolt of Magma         Conj/Fire/Erth ########..   1%          5    None
k - Venom Bolt            Conj/Pois      ########..   1%          5    None
l - Bolt of Fire          Conj/Fire      ########..   1%          6    None
m - Throw Icicle          Conj/Ice       ########     1%          4    None
n - Iron Shot             Conj/Erth      ########..   1%          6    None

Your spell library contained the following spells:

 Spells                   Type           Power        Failure   Level  Hunger
 Ignition                 Fire           #######...   16%         8    #####..
 Lehudib's Crystal Spear  Conj/Erth      ########..   17%         8    #####..
 Glaciate                 Conj/Ice       ########..   73%         9    #######
 Infusion                 Chrm           ####         0%          1    None
 Magic Dart               Conj           ####         0%          1    None
 Searing Ray              Conj           ######       0%          2    None
 Iskenderun's Mystic Bla  Conj           ########     0%          4    None
 Animate Skeleton         Necr           N/A          1%          1    None
 Apportation              Tloc           #####.       1%          1    None
 Confusing Touch          Hex            #####.       1%          1    None
 Corona                   Hex            #####..      1%          1    None
 Pain                     Necr           ####         1%          1    None
 Summon Small Mammal      Summ           ####         1%          1    None
 Call Imp                 Summ           #####...     1%          2    None
 Ensorcelled Hibernation  Hex/Ice        ######       1%          2    None
 Shroud of Golubria       Chrm/Tloc      ######       1%          2    None
 Swiftness                Chrm/Air       #######.     1%          2    None
 Dazzling Spray           Conj/Hex       ######       1%          3    None
 Inner Flame              Hex/Fire       #######.     1%          3    None
 Regeneration             Chrm/Necr      #######...   1%          3    None
 Static Discharge         Conj/Air       ########     1%          3    None
 Airstrike                Air            #######...   1%          4    None
 Force Lance              Conj/Tloc      ########     1%          4    None
 Fulminant Prism          Conj/Hex       ########..   1%          4    None
 Summon Ice Beast         Ice/Summ       ######..     1%          4    None
 Lightning Bolt           Conj/Air       ########..   1%          5    None
 Orb of Destruction       Conj           ########..   1%          7    ####...
 Leda's Liquefaction      Hex/Erth       ######....   3%          4    None
 Summon Lightning Spire   Summ/Air       ######..     3%          4    None
 Call Canine Familiar     Summ           #####...     4%          3    None
 Confuse                  Hex            #####...     4%          3    None
 Summon Guardian Golem    Hex/Summ       #####...     4%          3    None
 Tukima's Dance           Hex            #####...     4%          3    None
 Vampiric Draining        Necr           #####.....   4%          3    None
 Ring of Flames           Chrm/Fire      ########..   4%          7    ####...
 Spellforged Servitor     Conj/Summ      ########..   10%         7    ####...
 Animate Dead             Necr           N/A          14%         4    None
 Summon Forest            Summ/Tloc      #####.....   36%         5    None
 Statue Form              Tmut/Erth      ######...    45%         6    None
 Shadow Creatures         Summ           N/A          91%         6    None
 Summon Hydra             Summ           #####.....   100%        7    ####...
 Shatter                  Erth           #######...   100%        9    #######


Dungeon Overview and Level Annotations

Branches:
Dungeon (15/15)            Temple (1/1) D:7            Lair (6/6) D:9
  Swamp (4/4) Lair:4       Spider (0/4) Lair:3        Slime (0/5) Lair:5
    Orc (2/2) D:10            Elf (3/3) Orc:2        Vaults (0/5) D:13
 Depths (0/5) D:15          IceCv (visited)         Volcano (visited)

Altars:
Ashenzari
Cheibriados
Dithmenos
Elyvilon
Fedhas
Gozag
Hepliaklqana
Kikubaaqudgha
Makhleb
Nemelex Xobeh
Okawaru
Qazlal
Ru
Sif Muna
Trog
Uskayaw
Vehumet
Wu Jian
Xom
Yredelemnul
Zin
The Shining One
Jiyva

Shops:
D:8 :   D:11 *[%   Orc:2 *!}[   Elf:2 }}=

Annotations:
D:2 2 transporters
D:6 1 runed translucent door, Erlindor's ghost, novice CeHu
D:12 1 runed translucent door, Utis's ghost, journeyman TeWn
Lair:1 Gastronok
Elf:2 2 runed translucent doors


Innate Abilities, Weirdness & Mutations

[You are very clumsy. (Dex -4)]


Message History

The bolt of fire hits the deep elf blademaster!!
The deep elf blademaster is severely wounded.
The deep elf blademaster closely misses you.
The deep elf blademaster hits you with a +0 rapier!!
Casting: Bolt of Fire (safe; 1% risk of failure)
Confirm with . or Enter, or press ? or * to list all spells.
You don't have enough magic to cast that spell.
Casting: Bolt of Fire (safe; 1% risk of failure)
Confirm with . or Enter, or press ? or * to list all spells.
Aiming: Venom Bolt (safe; 1% risk of failure)
Press: ? - help, Shift-Dir - straight line, f/p - deep elf blademaster
Aim: a deep elf blademaster, wielding two +0 rapiers and wearing a +0 leather armour (severely wounded)
You feel a strong surge of power!
The bolt of poison misses the deep elf blademaster.
You feel sick.
You are no longer poisoned.
The deep elf blademaster hits you with a +0 rapier!!
* * * LOW HITPOINT WARNING * * *
The deep elf blademaster hits you with a +0 rapier!
You die...

#.# ##......#.........###### #.#
#...[[....#####(.# #.#
#.........#####..# ##.#
#.....[[.........# ...##
####...#######...## ....# #...#
##.[...## # ....# #.).#
##......[## ##
....########...####...).....####.
............(...@e'...([)...'....
.)##########...####..e.[....###..
#.# #..## ##.......## #.. #.#
#.## ##.....## #.. ..# #.#
##...## #.. #.# #.# ##e## #.. ..#
#.# #)# #.. ### #.# ####[### ###
#.# #......#######


You could see a deep elf blademaster and a deep elf sorcerer.

Vanquished Creatures
  Saint Roka (Elf:2)
  Jorgrun (D:14)
  3 deep elf blademasters
  2 deep elf master archers (Elf:3)
  A tentacled starspawn (Abyss:3)
  Kirke (D:14)
  2 thorn hunters
  A fire giant (D:15)
  5 deep elf sorcerers (Elf:3)
  2 very ugly things
  Aizul (Swamp:4)
  2 deep elf elementalists (Elf:3)
  4 deep elf demonologists (Elf:3)
  5 deep elf annihilators (Elf:3)
  Azrael (D:14)
  An ettin (D:13)
  4 deep elf death magi
  3 deep elf high priests (Elf:3)
  Josephine (Swamp:1)
  A fire dragon (Lair:6)
  An ice dragon (D:14)
  27 hydras
  2 ghost crabs
  7 shambling mangroves
  12 alligators
  3 centaur warriors
  An ogre mage (D:15)
  31 dancing weapons
  13 two-headed ogres
  13 death yaks
  A deep troll earth mage (D:13)
  Urug (D:13)
  2 tengu warriors (D:15)
  A spriggan berserker (Swamp:4)
  19 deep elf knights
  7 skeletal warriors
  A wretched star (Abyss:3)
  A fire crab (Lair:6)
  A death drake (Swamp:3)
  19 swamp dragons
  2 unseen horrors
  A flayed ghost (D:13)
  A spriggan druid (Swamp:3)
  3 spectral hydras (Swamp:3)
  A lindwurm (Lair:6)
  7 deep elf archers
  Pikel (D:8)
  50 deep elf magi
  A necromancer (Swamp:3)
  3 orc knights
  A wolf spider (D:15)
  An orc sorcerer (Orc:1)
  2 oklob plants (Lair:5)
  10 ugly things
  2 salamanders (Abyss:3)
  3 cyclopes
  3 manticores
  6 black mambas
  A guardian serpent (Abyss:3)
  2 centaur zombies
  15 elephants
  Joseph (D:8)
  3 molten gargoyles (Lair:6)
  4 torpor snails
  2 ice statues (IceCv)
  A redback zombie (D:15)
  13 spiny frogs
  6 swamp worm zombies (Swamp:3)
  A centaur skeleton (D:15)
  A rime drake (Lair:6)
  2 kobold demonologists (D:13)
  An efreet (D:14)
  A freezing wraith (D:13)
  6 komodo dragons
  A tengu conjurer (D:13)
  7 trolls
  4 polar bears
  3 jumping spiders (Lair:3)
  12 tyrant leeches
  An ancient zyme (Abyss:3)
  A harpy skeleton (D:15)
  A hornet (shapeshifter) (D:13)
  13 hornets
  18 bog bodies
  3 spectral swamp dragons (Swamp:3)
  7 hippogriffs
  2 alligator zombies (Swamp:3)
  25 blink frogs
  17 dream sheep (Lair:6)
  An ettin zombie (Abyss:3)
  5 raiju (Abyss:3)
  27 slime creatures
  A centaur simulacrum (D:14)
  3 air elementals
  A tarantella (shapeshifter) (D:13)
  A redback (Lair:3)
  A ynoxinul (Abyss:3)
  2 shadows (Swamp:3)
  6 spriggans
  5 water elementals
  5 wyverns
  2 vampires
  6 fire elementals
  A basilisk (shapeshifter) (Elf:3)
  3 fire bats (Abyss:3)
  5 hogs (D:14)
  30 yaks
  16 humans
  10 basilisks
  8 tyrant leech zombies (Swamp:3)
  8 wraiths
  12 vampire mosquitoes
  A steam dragon (Lair:6)
  3 hungry ghosts
  4 large abominations
  15 swamp worms
  2 small abominations (Abyss:3)
  5 soldier ants
  3 wargs
  A naga (Abyss:3)
  7 hell hounds
  A spiny frog zombie (Swamp:3)
  13 water moccasins
  9 porcupines
  4 black bears
  44 orc warriors
  12 swamp drakes
  8 ice beasts
  An eye of draining (D:8)
  4 sky beasts
  A hornet zombie (D:15)
  12 ogres
  9 wolves
  13 centaurs
  7 crocodiles
  6 big kobolds
  3 earth elementals
  11 bullfrogs
  A water moccasin zombie (D:10)
  3 spriggan zombies (Swamp:3)
  4 scorpions
  A wyvern skeleton (D:8)
  4 troll zombies
  9 killer bees (D:12)
  19 wights
  A howler monkey (D:14)
  3 electric eels
  8 crimson imps
  5 lava snakes (Lair:6)
  A bullfrog zombie (D:11)
  5 hounds
  17 orc priests
  6 bullfrog skeletons
  3 iguanas
  7 jellies
  25 orc wizards
  7 worker ants
  5 ogre zombies (D:10)
  A hound skeleton (D:5)
  A hound zombie (D:5)
  A worker ant zombie (D:7)
  14 adders
  3 shadow imps
  3 oozes
  An adder zombie (D:9)
  An adder skeleton (D:6)
  2 worms (D:4)
  4 dart slugs
  3 leopard geckos
  80 orcs
  A ball python (shapeshifter) (D:14)
  3 ball pythons
  10 bats
  6 giant cockroaches
  7 goblins
  9 hobgoblins
  14 jackals
  36 kobolds
  8 quokkas
  3 frilled lizards
  4 goblin zombies (D:10)
  2 hobgoblin skeletons (D:10)
  2 hobgoblin zombies (D:10)
  A jackal skeleton (D:4)
  A leopard gecko skeleton (D:6)
  2 orc skeletons (D:10)
  15 orc zombies (D:10)
  4 rats
  2 bushes (Elf:2)
  2 crawling corpses (Elf:1)
  2 fungi
  11 plants
1229 creatures vanquished.

Vanquished Creatures (others)
  A water moccasin (D:8)
  A slave (D:8)
  2 orc wizards
  A jackal (D:8)
  A briar patch (Swamp:1)
  20 fungi
  13 plants
  2 starspawn tentacles (Abyss:3)
  6 withered plants
47 creatures vanquished.

Grand Total: 1276 creatures vanquished

Notes
Turn   | Place    | Note
-------+----------+-------------------------------------------
     0 | D:1      | Freitmort the Deep Elf Fire Elementalist began the quest
                  | for the Orb.
     0 | D:1      | Reached XP level 1. HP: 10/10 MP: 6/6
   548 | D:1      | Reached XP level 2. HP: 14/15 MP: 4/8
   552 | D:1      | Learned a level 2 spell: Throw Flame
  1216 | D:2      | Found a faded altar of an unknown god.
  1352 | D:2      | Reached XP level 3. HP: 19/19 MP: 2/9
  1519 | D:2      | Found a shattered altar of Ashenzari.
  1524 | D:2      | Found a transporter.
  1532 | D:2      | Found a transporter.
  1758 | D:2      | Noticed a bullfrog
  1766 | D:2      | Killed a bullfrog
  1766 | D:2      | Reached XP level 4. HP: 16/24 MP: 0/11
  1908 | D:2      | Reached skill level 4 in Spellcasting
  2084 | D:3      | Learned a level 3 spell: Conjure Flame
  2089 | D:3      | Learned a level 4 spell: Sticky Flame
  2267 | D:3      | Reached XP level 5. HP: 28/28 MP: 13/13
  2461 | D:3      | Found an iron altar of Okawaru.
  3282 | D:4      | Found a sacrificial altar of Ru.
  3766 | D:4      | Found a shadowy altar of Dithmenos.
  3766 | D:4      | You fall into a shaft and drop 1 floor!
  3766 | D:5      | Entered Level 5 of the Dungeon
  3776 | D:5      | Reached XP level 6. HP: 32/32 MP: 15/15
  3860 | D:5      | Found a glowing silver altar of Zin.
  4186 | D:4      | Reached skill level 5 in Spellcasting
  5060 | D:5      | Learned a level 5 spell: Fireball
  5557 | D:6      | Noticed an orc warrior
  6019 | D:6      | Noticed a sky beast
  6031 | D:6      | Killed a sky beast
  6031 | D:6      | Reached skill level 5 in Conjurations
  6031 | D:6      | Reached skill level 5 in Fire Magic
  6031 | D:6      | Reached XP level 7. HP: 36/36 MP: 17/17
  6269 | D:6      | Found a sparkling altar of Nemelex Xobeh.
  6323 | D:6      | Reached skill level 6 in Spellcasting
  6516 | D:6      | Found a runed translucent door.
  6521 | D:6      | Noticed Erlindor's ghost (novice CeHu)
  7218 | D:6      | Found a bloodstained altar of Trog.
  7258 | D:7      | Reached skill level 7 in Spellcasting
  7527 | D:7      | Reached XP level 8. HP: 24/42 MP: 3/20
  7720 | D:7      | Upgraded the game from 0.24-a0-778-g74da537585 to
                  | 0.24-a0-779-g36f0aeb843
  8364 | D:7      | Found a hide-covered altar of Uskayaw.
  8440 | D:7      | Found a staircase to the Ecumenical Temple.
  8444 | D:7      | Reached skill level 1 in Short Blades
  8478 | Temple   | Entered the Ecumenical Temple
  8824 | D:7      | Reached skill level 8 in Spellcasting
  9165 | D:8      | Noticed a hippogriff
  9171 | D:8      | Killed a hippogriff
  9171 | D:8      | Reached skill level 1 in Fighting
  9171 | D:8      | Reached skill level 1 in Evocations
  9171 | D:8      | Reached XP level 9. HP: 47/47 MP: 8/23
  9318 | D:8      | Noticed Pikel
  9322 | D:8      | Killed Pikel
  9322 | D:8      | Reached skill level 9 in Spellcasting
  9780 | D:8      | Found a shimmering altar of Xom.
  9787 | D:8      | Found Uffuago's Book Shop.
 10006 | D:8      | Noticed Joseph
 10011 | D:8      | Killed Joseph
 10486 | D:9      | Noticed a two-headed ogre
 10773 | D:9      | Found a glowing golden altar of the Shining One.
 11026 | D:9      | Killed a two-headed ogre
 11026 | D:9      | Reached skill level 10 in Spellcasting
 11026 | D:9      | Reached XP level 10. HP: 52/52 MP: 16/26
 11460 | D:9      | Found a staircase to the Lair.
 11460 | D:9      | Noticed a death yak
 11478 | D:9      | Killed a death yak
 11478 | D:9      | Reached skill level 5 in Evocations
 11867 | D:9      | Found a shimmering blue altar of Sif Muna.
 11898 | D:9      | Found an ancient bone altar of Kikubaaqudgha.
 11906 | D:9      | Found a radiant altar of Vehumet.
 11910 | D:9      | Identified Vehumet's Papyrus of Battle Magic
 11953 | D:9      | Became a worshipper of Vehumet
 12199 | D:9      | Learned a level 1 spell: Shock
 12227 | D:10     | Entered Level 10 of the Dungeon
 12267 | D:10     | Noticed a two-headed ogre
 12272 | D:10     | Killed a two-headed ogre
 12272 | D:10     | Reached skill level 11 in Spellcasting
 12272 | D:10     | Reached skill level 1 in Air Magic
 12358 | D:10     | Upgraded the game from 0.24-a0-779-g36f0aeb843 to
                  | 0.24-a0-784-g601f8f6d22
 12845 | D:10     | Reached * piety under Vehumet
 12845 | D:10     | Offered knowledge of Sandblast by Vehumet.
 12883 | D:10     | Learned a level 1 spell: Sandblast
 13006 | D:10     | Reached skill level 10 in Conjurations
 13810 | D:10     | Reached skill level 1 in Earth Magic
 13951 | D:10     | Found a staircase to the Orcish Mines.
 14127 | D:10     | Reached XP level 11. HP: 56/56 MP: 28/28
 14363 | D:10     | Reached ** piety under Vehumet
 14673 | Lair:1   | Entered Level 1 of the Lair of Beasts
 14673 | Lair:1   | Found a stormy altar of Qazlal.
 14769 | Lair:1   | Offered knowledge of Freeze by Vehumet.
 14772 | Lair:1   | Learned a level 1 spell: Freeze
 14926 | Lair:1   | Noticed a five-headed hydra
 14928 | Lair:1   | Killed a five-headed hydra
 14928 | Lair:1   | Reached skill level 1 in Ice Magic
 14931 | Lair:1   | Got a distressingly furry leather armour
 14937 | Lair:1   | Reached skill level 12 in Spellcasting
 14937 | Lair:1   | Reached skill level 10 in Fire Magic
 15077 | Lair:1   | Found a snail-covered altar of Cheibriados.
 15485 | Lair:1   | Noticed Gastronok
 16183 | Lair:1   | Identified the +3 leather armour of Vidwimin {Int+2} (You
                  | found it on level 1 of the Lair of Beasts)
 16380 | Lair:2   | Noticed a five-headed hydra
 16385 | Lair:2   | Killed a five-headed hydra
 16385 | Lair:2   | Reached skill level 5 in Stealth
 16606 | Lair:2   | Noticed an eight-headed hydra
 16610 | Lair:2   | Killed an eight-headed hydra
 16767 | Lair:2   | Found a dark tunnel.
 16774 | Volcano  | Entered a volcano
 17132 | Lair:2   | Noticed an eight-headed hydra
 17135 | Lair:2   | Killed an eight-headed hydra
 17135 | Lair:2   | Reached skill level 13 in Spellcasting
 17582 | Lair:3   | Upgraded the game from 0.24-a0-784-g601f8f6d22 to
                  | 0.24-a0-789-g35933f4585
 17619 | Lair:3   | You fall into a shaft and drop 2 floors!
 17643 | Lair:5   | Noticed an oklob plant
 17675 | Lair:5   | Found a staircase to the Slime Pits.
 17676 | Lair:5   | Found a viscous altar of Jiyva.
 17687 | Lair:4   | Found an iron altar of Okawaru.
 17933 | Lair:5   | Reached XP level 12. HP: 61/61 MP: 31/31
 18236 | Lair:5   | Reached skill level 5 in Ice Magic
 18904 | Lair:3   | Learned a level 5 spell: Iskenderun's Battlesphere
 18910 | Lair:3   | Learned a level 5 spell: Bolt of Magma
 18916 | Lair:3   | Learned a level 5 spell: Venom Bolt
 18961 | Lair:3   | Offered knowledge of Static Discharge by Vehumet.
 18961 | Lair:3   | Reached skill level 1 in Charms
 18974 | Lair:3   | Learned a level 3 spell: Static Discharge
 19042 | Lair:3   | Reached skill level 1 in Poison Magic
 19149 | Lair:3   | Found a hole to the Spider Nest.
 19638 | Lair:3   | Reached *** piety under Vehumet
 19645 | Lair:3   | Reached skill level 5 in Charms
 20190 | Lair:4   | Reached skill level 5 in Dodging
 20219 | Lair:4   | Noticed a death yak
 20220 | Lair:4   | Noticed a death yak
 20220 | Lair:4   | Noticed a death yak
 20220 | Lair:4   | Noticed a death yak
 20222 | Lair:4   | Noticed a death yak
 20223 | Lair:4   | Noticed a death yak
 20293 | Lair:3   | Reached skill level 5 in Poison Magic
 20548 | Lair:4   | Upgraded the game from 0.24-a0-789-g35933f4585 to
                  | 0.24-a0-809-g71cb82dfb8
 20725 | Lair:4   | Found a staircase to the Swamp.
 20738 | Lair:4   | Offered knowledge of Ignite Poison by Vehumet.
 21085 | Lair:4   | Killed a death yak
 21099 | Lair:4   | Killed a death yak
 21099 | Lair:4   | Reached XP level 13. HP: 68/68 MP: 11/32
 22411 | Lair:6   | Entered Level 6 of the Lair of Beasts
 22414 | Lair:6   | Reached **** piety under Vehumet
 22415 | Lair:6   | Offered knowledge of Dazzling Spray by Vehumet.
 23039 | Lair:6   | Upgraded the game from 0.24-a0-809-g71cb82dfb8 to
                  | 0.25-a0-2-g6559c6c67a
 23161 | Lair:6   | Reached skill level 10 in Charms
 24121 | Lair:6   | Reached ***** piety under Vehumet
 24162 | Lair:6   | Offered knowledge of Throw Icicle by Vehumet.
 24277 | Lair:6   | Noticed a fire dragon
 24299 | Lair:6   | Reached skill level 5 in Earth Magic
 24415 | Lair:6   | Found a large runed translucent door.
 24416 | Lair:6   | Found a large runed translucent door.
 24424 | Lair:6   | Reached XP level 14. HP: 76/76 MP: 33/33
 24583 | Lair:6   | Learned a level 4 spell: Throw Icicle
 24965 | Lair:6   | Upgraded the game from 0.25-a0-2-g6559c6c67a to
                  | 0.25-a0-10-g2fe12d4386
 25551 | Orc:1    | Entered Level 1 of the Orcish Mines
 26208 | Orc:2    | Entered Level 2 of the Orcish Mines
 26354 | Orc:2    | Offered knowledge of Conjure Ball Lightning by Vehumet.
 26642 | Orc:2    | Reached skill level 14 in Spellcasting
 26733 | Orc:2    | Found Sutul's Distillery.
 26733 | Orc:2    | Found Zotujedgh's Gadget Emporium.
 26735 | Orc:2    | Found Imal's Armour Shoppe.
 26737 | Orc:2    | Found Biysm's General Store.
 27138 | Orc:2    | Found a staircase to the Elven Halls.
 27467 | D:10     | Upgraded the game from 0.25-a0-10-g2fe12d4386 to
                  | 0.25-a0-21-ga5a8db46c7
 27911 | D:11     | Found Huecol's Antique Armour Emporium.
 27922 | D:11     | Offered knowledge of Irradiate by Vehumet.
 28081 | D:11     | Found Silupnow's Food Boutique.
 28123 | D:11     | Found Duhadwiu's Assorted Antiques.
 28136 | D:11     | Bought a scroll of identify for 58 gold pieces
 28136 | D:11     | Bought a scroll of identify for 58 gold pieces
 28789 | D:12     | Found a runed translucent door.
 28789 | D:12     | Noticed Utis's ghost (journeyman TeWn)
 29295 | D:12     | You fall into a shaft and drop 1 floor!
 29312 | D:13     | Offered knowledge of Freezing Cloud by Vehumet.
 29695 | D:13     | Found a gate to the Vaults.
 29695 | D:13     | Noticed Urug
 29915 | D:13     | Reached XP level 15. HP: 80/80 MP: 35/35
 30188 | D:13     | Upgraded the game from 0.25-a0-21-ga5a8db46c7 to
                  | 0.25-a0-24-g72dcfe0359
 30210 | D:13     | Reached skill level 15 in Spellcasting
 30651 | D:13     | Killed Urug
 30711 | D:13     | Reached skill level 10 in Poison Magic
 31404 | D:14     | Offered knowledge of Ozocubu's Refrigeration by Vehumet.
 31463 | D:14     | Noticed Jorgrun
 31466 | D:14     | Killed Jorgrun
 31466 | D:14     | Reached skill level 5 in Air Magic
 31484 | D:14     | Identified a scroll of acquirement
 31484 | D:14     | Identified the Volume of Lucky Summoning (You acquired it
                  | on level 14 of the Dungeon)
 31568 | D:14     | Noticed Kirke
 31578 | D:14     | Killed Kirke
 31665 | D:14     | Noticed Azrael
 31671 | D:14     | Killed Azrael
 31905 | D:14     | Found a frozen archway.
 31955 | IceCv    | Entered an ice cave
 31965 | IceCv    | Found a transporter.
 31996 | IceCv    | Found a transporter.
 32295 | D:14     | Reached skill level 16 in Spellcasting
 32560 | D:15     | Entered Level 15 of the Dungeon
 32760 | D:15     | Upgraded the game from 0.25-a0-24-g72dcfe0359 to
                  | 0.25-a0-35-g747a2b3c0c
 33138 | D:15     | Reached ****** piety under Vehumet
 33296 | D:15     | Reached XP level 16. HP: 86/86 MP: 38/38
 33580 | D:15     | Found a staircase to the Depths.
 33848 | D:15     | Learned a level 6 spell: Iron Shot
 34012 | Lair:2   | Upgraded the game from 0.25-a0-35-g747a2b3c0c to
                  | 0.25-a0-59-gf342c8b036
 34076 | Swamp:1  | Entered Level 1 of the Swamp
 34081 | Swamp:1  | Found a white marble altar of Elyvilon.
 34305 | Swamp:1  | Noticed a thorn hunter
 34333 | Swamp:1  | Killed a thorn hunter
 34630 | Swamp:1  | Reached skill level 17 in Spellcasting
 34802 | Swamp:1  | Noticed Josephine
 34805 | Swamp:1  | Killed Josephine
 34805 | Swamp:1  | Offered knowledge of Poison Arrow by Vehumet.
 36518 | Swamp:3  | Reached skill level 10 in Ice Magic
 36537 | Swamp:3  | Upgraded the game from 0.25-a0-59-gf342c8b036 to
                  | 0.25-a0-61-g63109bb16d
 36850 | Swamp:3  | Offered knowledge of Bolt of Fire by Vehumet.
 36859 | Swamp:3  | Learned a level 6 spell: Bolt of Fire
 36928 | Swamp:3  | Reached skill level 18 in Spellcasting
 37825 | Swamp:3  | Reached XP level 17. HP: 90/90 MP: 41/41
 38736 | Swamp:4  | Entered Level 4 of the Swamp
 38835 | Swamp:4  | Noticed Aizul
 38840 | Swamp:4  | Killed Aizul
 38954 | Swamp:4  | Reached skill level 15 in Conjurations
 39011 | Swamp:4  | Upgraded the game from 0.25-a0-61-g63109bb16d to
                  | 0.25-a0-62-g88673ef095
 39189 | Swamp:4  | Paralysed by a hornet for 1 turns
 39663 | Swamp:4  | Reached skill level 19 in Spellcasting
 39665 | Swamp:4  | Offered knowledge of Lehudib's Crystal Spear by Vehumet.
 39665 | Swamp:4  | Offered knowledge of Glaciate by Vehumet.
 39665 | Swamp:4  | Offered knowledge of Ignition by Vehumet.
 39989 | Swamp:4  | Got a decaying rune of Zot
 40479 | Elf:1    | Entered Level 1 of the Elven Halls
 41366 | Elf:1    | Got a serpentine silver amulet
 41368 | Elf:1    | Identified the amulet "Qedeenu" {Inacc rF+ Str+3} (You
                  | found it on level 1 of the Elven Halls)
 42056 | Elf:2    | Noticed Saint Roka
 42065 | Elf:2    | Killed Saint Roka
 42065 | Elf:2    | Reached XP level 18. HP: 57/96 MP: 5/43
 42368 | Elf:2    | Found Ture's Jewellery Shoppe.
 42368 | Elf:2    | Found Aklo's Gadget Boutique.
 42369 | Elf:2    | Found Atzyenosh's Gadget Boutique.
 42383 | Elf:2    | Bought an uncursed ring of see invisible for 150 gold
                  | pieces
 42909 | Elf:2    | Upgraded the game from 0.25-a0-62-g88673ef095 to
                  | 0.25-a0-63-gbefff83b7c
 43171 | Elf:2    | Found a large runed translucent door.
 43171 | Elf:2    | Found a large runed translucent door.
 43211 | Elf:2    | Found a large runed translucent door.
 43211 | Elf:2    | Found a large runed translucent door.
 43351 | Elf:2    | Reached skill level 20 in Spellcasting
 44147 | Elf:3    | Entered Level 3 of the Elven Halls
 44861 | Elf:3    | Identified the cursed +1 battleaxe of Entrepreneurial
                  | Spirit {chop, *Drain rN+ MR++ Dex+4}
 44861 | Elf:3    | Identified the +3 robe of Trumpets {rElec Int+4}
 45407 | Elf:3    | Reached skill level 10 in Evocations
 45407 | Elf:3    | Reached XP level 19. HP: 47/100 MP: 24/45
 45548 | Elf:3    | Upgraded the game from 0.25-a0-63-gbefff83b7c to
                  | 0.25-a0-71-ge910a4a285
 45576 | Elf:3    | Reached skill level 21 in Spellcasting
 45600 | Elf:3    | Cast into level 3 of the Abyss (a deep elf sorcerer)
 45976 | Elf:3    | Escaped the Abyss
 45987 | Elf:3    | Slain by a deep elf blademaster

Levels and vault maps discovered:
D:1:      dpeg_arrival_pits, layout_basic
D:2:      layout_rooms, gammafunk_temple_overflow_arena,
          chequers_ecumenical_altar_island
D:3:      layout_basic, old_standard_altar, kennysheep_generic_room_12
D:4:      layout_basic, nicolae_ru_awakened_eye,
          nicolae_dithmenos_through_a_glass_darkly, first_ration,
          chequers_hall_statues_wall_a, eino_tiny_chamber,
          kennysheep_generic_room_13
D:5:      layout_basic, old_standard_altar
D:6:      layout_basic, marbit_many_paths, nemelex_xobeh_ov_fountains_minmay,
          ebering_ghost_reflecting_pool
D:7:      layout_cave_pools, lemuel_coloured_pillars_altar, temple_green,
          the_bakery
D:8:      layout_gridville, lemuel_round_altar, serial_shops, shop, uniq_joseph,
          uniq_pikel
D:9:      layout_loops_ring, palyth_temple_overflow_mages, lemuel_doored_altar,
          david_lair_generic, hangedman_decor_growths
D:10:     layout_loops_ring, zombieorc2_lemuel, serial_co_window_serial,
          co_window_paths_b, co_window_paths_a, co_window_corner_a,
          co_window_corner_a, co_window_paths_b, co_window_of_opportunity_c,
          co_window_unsneaky_path_d, co_window_2corner, co_window_broadway_c,
          co_window_corner_cb, co_window_paths_c, co_window_4corner_a
D:11:     layout_cave_pools, serial_shops, shop, shop, nicolae_shop_stone
D:12:     layout_stronghold, gammafunk_ghost_grave
D:13:     thingy_vault, layout_small_grid, david_vaults_3
D:14:     layout_basic, portal_ice_cave_entry_animals_and_master,
          grunt_tough_drop, uniq_azrael, uniq_jorgrun, uniq_kirke
D:15:     grunt_enter_depths_giant_problem, layout_basic, serial_curves,
          eino_curves_03, eino_curves_03
Temple:   jpeg_temple_island
Lair:1:   layout_cave_pods, basic_altar, kennysheep_snail_temple,
          lemuel_fruit_fields, uniq_gastronok
Lair:2:   layout_roguey, nicolae_volcano_entry_hallway,
          chequers_serial_rivers_small_a, lemuel_fruit_fields
Lair:3:   layout_roguey, spider_nest_entry_a
Lair:4:   layout_regular_city, skrybe_swamp_entry_bodies, basic_altar,
          chequers_serial_rivers_small_a, beast_lair_carwin_4
Lair:5:   layout_misc_corridors, slime_altar_1, serial_bayou_shore_a,
          grunt_megastairs_1, minmay_lair_oklob_chamber
Lair:6:   cheibrodos_lair_end_hotspot, layout_misc_corridors,
          serial_bayou_lagoon_b
Swamp:1:  layout_basic_swamp, basic_altar, uniq_josephine
Swamp:2:  layout_basic_swamp, infiniplex_staircase_pool
Swamp:3:  cheibrodos_swamp_mausoleum, layout_falls_marsh,
          evilmike_swamp_ruin_house_2, swamp_pool5
Swamp:4:  swamp_basic_johnstein, layout_basic_swamp, uniq_aizul
Orc:1:    cheibrodos_orc_bank, layout_diamond_mine, statue_in_the_mist_lemuel
Orc:2:    st_orc_rangers, layout_caves
Elf:1:    layout_gridlike, minmay_elf_crystal_heptagon, nicolae_twisting_strands
Elf:2:    layout_geoelf_diagonals, minmay_shop_grove, uniq_saint_roka
Elf:3:    nooodl_elf_gasket, layout_loops_corners, feat_on_display

Skill      XL: |  1  2  3  4  5  6  7  8  9 10 11 12 13 14 15 16 17 18 19 |
---------------+----------------------------------------------------------+-----
Stealth        | 3 4 5 6 |  6.7
Conjurations   | 3 4 5 6 7 8 10 11 12 13 14 15 16 | 16.9
Fire Magic     | 4 5 7 8 9 10 11 12 | 12.3
Spellcasting   | 4 5 7 8 10 11 13 14 16 18 19 20 21 | 21.1
Dodging        | 3 4 5 8 9 |  9.3
Short Blades   | 1 2 |  2.2
Fighting       | 1 3 4 |  4.8
Evocations     | 1 4 5 8 10 | 10.2
Air Magic      | 1 2 4 5 6 7 |  7.3
Earth Magic    | 1 2 3 5 6 |  6.8
Ice Magic      | 4 5 7 9 10 | 10.4
Charms         | 7 10 12 13 14 | 14.1
Poison Magic   | 5 8 9 10 11 12 | 12.1
Staves         | |  0.2

Action                   |  1- 3 |  4- 6 |  7- 9 | 10-12 | 13-15 | 16-18 | 19-21 || total
-------------------------+-------+-------+-------+-------+-------+-------+-------++-------
Melee: Short sword       |       |    13 |    32 |       |       |       |       ||    45
       Staff             |       |       |       |     3 |     2 |     1 |     1 ||     7
 Cast: Flame Tongue      |    40 |    77 |    52 |   120 |    89 |     2 |       ||   380
       Throw Flame       |    12 |    47 |    81 |   185 |    34 |    23 |       ||   382
       Sticky Flame      |       |     6 |    22 |    68 |    48 |    19 |     2 ||   165
       Fireball          |       |       |    27 |    80 |    98 |   172 |     1 ||   378
       Conjure Flame     |       |       |     2 |       |       |       |       ||     2
       Shock             |       |       |       |    15 |   511 |   424 |     5 ||   955
       Bolt of Magma     |       |       |       |     7 |    26 |    77 |     2 ||   112
       Venom Bolt        |       |       |       |     5 |    23 |    36 |     3 ||    67
       Iskenderun's Batt |       |       |       |     1 |   153 |   172 |    10 ||   336
       Freeze            |       |       |       |     1 |       |       |     5 ||     6
       Throw Icicle      |       |       |       |       |    16 |    12 |     5 ||    33
       Bolt of Fire      |       |       |       |       |       |    20 |    23 ||    43
       Iron Shot         |       |       |       |       |       |     2 |       ||     2
Evoke: Wand              |       |       |     6 |     2 |       |       |       ||     8
  Use: Scroll            |       |    14 |     3 |     8 |    18 |     7 |     1 ||    51
       Potion            |       |       |       |     3 |     3 |     6 |       ||    12
  Eat: Chunk             |     2 |     9 |    13 |    18 |    30 |    15 |       ||    87
       Ration            |       |     2 |     2 |     7 |     6 |     7 |     1 ||    25
Armor: Robe              |     5 |     4 |     7 |    16 |    14 |     2 |     6 ||    54
Dodge: Dodged            |    14 |    17 |    39 |    57 |   125 |    36 |    27 ||   315
       Deflected         |       |       |       |       |    18 |    17 |     5 ||    40

Table legend:
 A = Non-vault XP
 B = Vault XP
 C = Vault XP percentage of total XP
 D = Non-vault monster count
 E = Vault monster count
 F = Vault count percentage of total count
                 A         B        C        D         E       F
            +---------+---------+-------+---------+---------+-------
      Total |  227610 |  166093 |  42.2 |     833 |     380 |  31.3
            +---------+---------+-------+---------+---------+-------
        D:1 |      13 |       0 |   0.0 |       7 |       0 |   0.0
        D:2 |     152 |       0 |   0.0 |      25 |       0 |   0.0
        D:3 |      77 |       2 |   2.5 |      27 |       1 |   3.6
        D:4 |     234 |       1 |   0.4 |      15 |       1 |   6.2
        D:5 |     147 |       0 |   0.0 |      10 |       0 |   0.0
        D:6 |     727 |       0 |   0.0 |      20 |       0 |   0.0
        D:7 |    1112 |     220 |  16.5 |      24 |       1 |   4.0
        D:8 |    1375 |    1090 |  44.2 |      19 |       2 |   9.5
        D:9 |    1572 |    1645 |  51.1 |      23 |       9 |  28.1
       D:10 |    2782 |     755 |  21.3 |      20 |      36 |  64.3
       D:11 |    7791 |       0 |   0.0 |      38 |       0 |   0.0
       D:12 |   10002 |     189 |   1.9 |      72 |       1 |   1.4
       D:13 |    5225 |   12890 |  71.2 |      37 |      36 |  49.3
       D:14 |    5860 |   12110 |  67.4 |      27 |      28 |  50.9
       D:15 |   17746 |    1742 |   8.9 |      39 |       1 |   2.5
     Lair:1 |    1544 |    1266 |  45.1 |       5 |       3 |  37.5
     Lair:2 |    5522 |       0 |   0.0 |      14 |       0 |   0.0
     Lair:3 |    6056 |    1138 |  15.8 |      21 |       4 |  16.0
     Lair:4 |   10860 |    2769 |  20.3 |      27 |       8 |  22.9
     Lair:5 |    3943 |    2142 |  35.2 |      19 |       7 |  26.9
     Lair:6 |   16645 |    8534 |  33.9 |      45 |      26 |  36.6
    Swamp:1 |   14194 |    2126 |  13.0 |      27 |       6 |  18.2
    Swamp:2 |   17811 |       0 |   0.0 |      43 |       0 |   0.0
    Swamp:3 |   13802 |   11154 |  44.7 |      33 |      39 |  54.2
    Swamp:4 |   13542 |   25053 |  64.9 |      31 |      35 |  53.0
      Orc:1 |    1981 |     915 |  31.6 |      26 |      14 |  35.0
      Orc:2 |    4251 |    4061 |  48.9 |      30 |      36 |  54.5
      Elf:1 |   14331 |    6182 |  30.1 |      24 |       8 |  25.0
      Elf:2 |   24163 |   31440 |  56.5 |      39 |      45 |  53.6
      Elf:3 |   15219 |   35788 |  70.2 |      24 |      23 |  48.9
    Abyss:3 |    8931 |       0 |   0.0 |      22 |       0 |   0.0
      IceCv |       0 |    2881 | 100.0 |       0 |      10 | 100.0
            +---------+---------+-------+---------+---------+-------
